 Dungeon Crawl Stone Soup version 0.24-a0-583-g87330a484a (webtiles) character file.

Game seed: 3726948040486357370, levelgen mode: classic

11978 Mithandil the Blocker (level 11, -4/97 HPs)
             Began as a Minotaur Fighter on Aug 27, 2019.
             Was a Priest of the Shining One.
             Slain by a troll (5 damage)
             ... led by an orc knight
             ... on level 1 of the Orcish Mines on Aug 28, 2019.
             The game lasted 00:47:25 (8328 turns).

Mithandil the Blocker (Minotaur Fighter)            Turns: 8328, Time: 00:47:27

Health: -4/97      AC: 19    Str: 24    XL:     11   Next: 56%
Magic:  10/10      EV:  9    Int:  5    God:    the Shining One [***...]
Gold:   58         SH: 19    Dex: 10    Spells: 10/10 levels left

rFire    + . .     SeeInvis .   a - +2 long sword (elec)
rCold    x . .     Gourm    .   c - +0 shield
rNeg     + . .     Faith    .   I - +0 plate armour
rPois    .         Spirit   .   (helmet unavailable)
rElec    .         Reflect  +   J - scarf {repulsion}
rCorr    +         Harm     .   p - +0 pair of gloves
MR       .....                  j - +2 pair of boots {Fly}
Stlth    ..........             L - +6 amulet of reflection
HPRegen  0.66/turn              D - ring of fire
MPRegen  0.12/turn              O - ring of resist corrosion

@: flying, slowed, glowing, repel missiles, very slow
A: retaliatory headbutt, horns 3, blink, regeneration 1
a: Blink, Divine Shield, Renounce Religion, Stop Flying


You were on level 1 of the Orcish Mines.
You worshipped the Shining One.
The Shining One was most pleased with you.
You were not hungry.

You visited 3 branches of the dungeon, and saw 13 of its levels.
You also visited: Ossuary.

You collected 575 gold pieces.
You spent 517 gold pieces at shops.

Inventory:

Hand Weapons
 a - a +2 long sword of electrocution (weapon)
 b - a +2 hand axe of flaming
 e - a +0 hand crossbow
 i - a +2 dagger of freezing
 o - a +0 mace of protection
 x - a +8 flail of protection
 z - a +2 mace of crushing
 K - a +2 whip of electrocution
 M - a +0 dagger of flaming
 R - a +0 whip of freezing
Missiles
 s - 2 silver boomerangs
 y - 5 boomerangs (quivered)
 A - 20 bolts
 F - 58 sling bullets
 U - a throwing net
Armour
 c - a +0 shield (worn)
 j - a +2 pair of boots of flying (worn)
 p - a +0 pair of gloves (worn)
 I - a +0 plate armour (worn)
 J - a scarf of repulsion (worn)
Jewellery
 D - a ring of fire (left hand)
 L - a +6 amulet of reflection (around neck)
 N - an uncursed ring of wizardry
 O - a ring of resist corrosion (right hand)
 T - a +4 ring of strength
Wands
 n - a wand of disintegration (11)
 q - a wand of paralysis (3)
 u - a wand of polymorph (9)
 C - a wand of flame (22)
 G - a wand of iceblast (8)
 H - a wand of acid (9)
Scrolls
 h - 5 scrolls of teleportation
 r - 4 scrolls of amnesia
 t - a scroll of magic mapping
 B - a scroll of blinking
 E - 3 scrolls of remove curse
 P - a scroll of identify
 Q - 2 scrolls of acquirement
 V - a scroll of enchant armour
Potions
 d - 2 potions of might
 g - a potion of resistance
 k - 3 potions of flight
 l - a potion of heal wounds
 m - 4 potions of curing
 v - 2 potions of brilliance
 w - 3 potions of haste
Comestibles
 f - 23 rations
 S - 6 chunks of flesh


   Skills:
 + Level 9.2 Fighting
 * Level 11.8 Long Blades
 - Level 1.6 Axes
 + Level 9.2 Armour
 + Level 7.7 Dodging
 * Level 12.1 Shields


You had 10 spell levels left.
You didn't know any spells.
Your spell library contained the following spells:

 Spells                   Type           Power        Failure   Level  Hunger
 Summon Small Mammal      Summ           #...         100%        1    ##.....
 Call Imp                 Summ           #.......     100%        2    ###....
 Call Canine Familiar     Summ           #.......     100%        3    ####...
 Summon Guardian Golem    Hex/Summ       #.......     100%        3    ####...
 Summon Ice Beast         Ice/Summ       #.......     100%        4    #####..
 Summon Lightning Spire   Summ/Air       #.......     100%        4    #####..


Dungeon Overview and Level Annotations

Branches:
Dungeon (11/15)            Temple (1/1) D:5            Lair (0/6) D:10
    Orc (1/2) D:11        Ossuary (visited)

Altars:
Ashenzari
Cheibriados
Dithmenos
Elyvilon
Fedhas
Gozag
Hepliaklqana
Kikubaaqudgha
Makhleb
Nemelex Xobeh
Okawaru
Qazlal
Ru
Sif Muna
Trog
Uskayaw
Vehumet
Wu Jian
Xom
Yredelemnul
Zin
The Shining One

Shops:
D:5 (   D:10 *   D:11 =


Innate Abilities, Weirdness & Mutations

You reflexively headbutt those who attack you in melee.
You have a pair of large horns on your head.
You can translocate small distances at will.
Your natural rate of healing is unusually fast.


Message History

The orc warrior hits you from afar with a +0 halberd!!
The Shining One protects you from harm!
The orc knight hits you with a +0 battleaxe!
* * * LOW HITPOINT WARNING * * *
You hit the troll but do no damage.
The orc warrior no longer looks unusually strong.
The orc warrior hits you with a +0 battleaxe!
* * * LOW HITPOINT WARNING * * *
You block the troll's attack. x2; The troll claws you.
* * * LOW HITPOINT WARNING * * *
You block the orc warrior's attack. The orc warrior barely misses you.
Unknown command.
Your plate armour prevents you from hitting the troll.
You headbutt the troll!
The troll is moderately wounded.
The orc warrior no longer looks unusually strong.
The orc no longer looks unusually strong.
The orc knight hits you but does no damage.
The troll bites you.
You die...

#... #####...
##..#.#$#
##.......## #
##.........#.#.
..#.....#o.......
........ooo......
...$...oo@oo.....
.#....#.##T...>..
......... .o.$...
........#........
##$#....#..#.....
##...... ####...
##.#... #..
###... ..


You could see an orc knight, a troll, 3 orc warriors, 2 orc wizards and 3 orcs.

Vanquished Creatures
  Erolcha (D:9)
  2 two-headed ogres
  Pikel (D:9)
  A cyclops (D:11)
  A gargoyle (D:10)
  Grinder (D:5)
  Prince Ribbit (D:8)
  3 hippogriffs
  A spriggan (D:7)
  Sigmund (D:5)
  8 yaks
  A wyvern (D:8)
  Edmund (D:5)
  A warg (Orc:1)
  3 porcupines (D:10)
  Duvessa (D:7)
  5 ice beasts
  2 orc warriors
  4 phantoms
  4 sky beasts
  2 black bears (D:10)
  3 ogres
  3 centaurs
  An elf zombie (Ossuary)
  A big kobold (D:8)
  7 bullfrogs
  A gnoll sergeant (D:10)
  2 wyvern zombies
  Dowan (D:7)
  14 killer bees
  7 scorpions
  A howler monkey (D:11)
  6 crimson imps
  A bullfrog zombie (D:6)
  2 centaur zombies (Ossuary)
  2 human zombies (Ossuary)
  4 hounds
  A jelly (D:7)
  5 orc priests
  7 orc wizards
  An iron imp (D:6)
  A centaur skeleton (D:10)
  Terence (D:2)
  3 iguanas
  6 worker ants
  3 ogre zombies (Ossuary)
  7 mummies (Ossuary)
  2 worker ant zombies
  A howler monkey zombie (D:5)
  19 gnolls
  10 adders
  A shadow imp (D:8)
  An ooze (D:2)
  2 adder skeletons
  2 adder zombies
  A worm (D:4)
  4 dart slugs
  6 leopard geckos
  39 orcs
  7 bats
  2 bat zombies (D:4)
  12 giant cockroaches
  10 goblins
  10 hobgoblins
  11 jackals
  4 quokkas
  3 frilled lizards
  7 goblin zombies (Ossuary)
  5 hobgoblin zombies (Ossuary)
  A jackal skeleton (D:3)
  A jackal zombie (D:5)
  13 kobolds
  5 kobold zombies (Ossuary)
  4 quokka zombies (Ossuary)
  8 rats
  A rat zombie (D:4)
328 creatures vanquished.

Vanquished Creatures (others)
  2 centaurs
  30 fungi (D:10)
  6 plants (D:10)
38 creatures vanquished.

Grand Total: 366 creatures vanquished

Notes
Turn   | Place    | Note
-------+----------+-------------------------------------------
     0 | D:1      | Mithandil the Minotaur Fighter began the quest for the Orb.
     0 | D:1      | Reached XP level 1. HP: 19/19 MP: 0/0
   123 | D:1      | Reached XP level 2. HP: 27/27 MP: 1/1
   241 | D:1      | Reached skill level 4 in Shields
   445 | D:2      | Reached XP level 3. HP: 33/33 MP: 2/2
   675 | D:2      | Found a hide-covered altar of Uskayaw.
   679 | D:2      | You fall into a shaft and drop 2 floors!
   683 | D:4      | Reached skill level 1 in Dodging
   694 | D:4      | Found a shadowy altar of Dithmenos.
   717 | D:4      | Reached XP level 4. HP: 24/40 MP: 3/3
   756 | D:4      | Found an ancient bone altar of Kikubaaqudgha.
   981 | D:4      | Noticed a centaur
   990 | D:4      | Killed a centaur
   990 | D:4      | Reached skill level 1 in Axes
   990 | D:4      | Reached skill level 5 in Shields
   990 | D:4      | Reached XP level 5. HP: 29/47 MP: 4/4
  1038 | D:4      | Found a sand-covered staircase.
  1059 | Ossuary  | Entered an ossuary
  1209 | Ossuary  | Reached XP level 6. HP: 43/53 MP: 5/5
  1493 | Ossuary  | Reached XP level 7. HP: 24/60 MP: 6/6
  1671 | Ossuary  | Reached skill level 5 in Long Blades
  1671 | Ossuary  | Reached skill level 6 in Shields
  1851 | D:3      | Reached skill level 5 in Armour
  2009 | D:2      | Identified a scroll of acquirement
  2124 | D:2      | Gained mutation: Your natural rate of healing is unusually
                  | fast. [potion of mutation]
  2124 | D:2      | Gained mutation: You have a pair of large horns on your
                  | head. [potion of mutation]
  2124 | D:2      | Gained mutation: You can translocate small distances at
                  | will. [potion of mutation]
  2158 | D:2      | Reached skill level 5 in Fighting
  2413 | D:2      | Noticed Terence
  2418 | D:2      | Killed Terence
  3277 | D:5      | Entered Level 5 of the Dungeon
  3450 | D:5      | Noticed Sigmund
  3462 | D:5      | Killed Sigmund
  3477 | D:5      | Reached XP level 8. HP: 69/69 MP: 7/7
  3549 | D:6      | Reached skill level 7 in Shields
  3740 | D:5      | Found a staircase to the Ecumenical Temple.
  3751 | Temple   | Entered the Ecumenical Temple
  3815 | Temple   | Became a worshipper of the Shining One
  3955 | D:5      | Noticed Edmund
  3967 | D:5      | Killed Edmund
  4001 | D:5      | Found a sacrificial altar of Ru.
  4047 | D:5      | Found Soxzo's Weapon Boutique.
  4047 | D:5      | Noticed Grinder
  4050 | D:5      | Paralysed by Grinder for 5 turns
  4074 | D:5      | Paralysed by Grinder for 4 turns
  4082 | D:5      | Killed Grinder
  4093 | D:5      | Bought a +0 long sword of electrocution for 139 gold pieces
  4366 | D:6      | Found a blossoming altar of Fedhas.
  4426 | D:6      | Reached skill level 8 in Shields
  4446 | D:6      | Found a snail-covered altar of Cheibriados.
  4595 | D:6      | Reached XP level 9. HP: 77/77 MP: 8/8
  4716 | D:6      | Reached * piety under the Shining One
  5268 | D:7      | Noticed Duvessa
  5271 | D:7      | Noticed Dowan
  5273 | D:7      | Killed Duvessa
  5282 | D:7      | Killed Dowan
  5286 | D:7      | Reached skill level 5 in Dodging
  5320 | D:7      | Upgraded the game from 0.24-a0-582-g4d4af813a0 to
                  | 0.24-a0-583-g87330a484a
  5386 | D:7      | You are sucked into a shaft and drop 1 floor!
  5395 | D:8      | Reached skill level 9 in Shields
  5858 | D:8      | Found a hazy altar of Hepliaklqana.
  5963 | D:8      | Noticed a two-headed ogre
  5970 | D:8      | Killed a two-headed ogre
  5970 | D:8      | Reached skill level 10 in Shields
  5970 | D:8      | Reached XP level 10. HP: 81/86 MP: 9/9
  5980 | D:8      | Noticed Prince Ribbit
  6154 | D:8      | Killed Prince Ribbit
  6265 | D:8      | Reached ** piety under the Shining One
  6333 | D:8      | Reached skill level 10 in Long Blades
  6490 | D:8      | Found an opulent altar of Gozag.
  6490 | D:8      | Found an iron altar of Okawaru.
  6492 | D:8      | Found a sparkling altar of Nemelex Xobeh.
  6703 | D:9      | Found a stormy altar of Qazlal.
  6800 | D:9      | Noticed Pikel
  6804 | D:9      | Noticed Erolcha
  6815 | D:9      | Killed Pikel
  6817 | D:9      | Killed Erolcha
  6817 | D:9      | Reached skill level 11 in Shields
  6959 | D:10     | Entered Level 10 of the Dungeon
  7133 | D:9      | Found a shimmering altar of Xom.
  7134 | D:9      | Found a shimmering altar of Xom.
  7134 | D:9      | Found a shimmering altar of Xom.
  7134 | D:9      | Found a shimmering altar of Xom.
  7135 | D:9      | Found a shimmering altar of Xom.
  7135 | D:9      | Found a shimmering altar of Xom.
  7135 | D:9      | Found a shimmering altar of Xom.
  7135 | D:9      | Found a shimmering altar of Xom.
  7136 | D:9      | Found a shimmering altar of Xom.
  7339 | D:9      | Reached XP level 11. HP: 95/95 MP: 10/10
  7514 | D:10     | Noticed a two-headed ogre
  7521 | D:10     | Killed a two-headed ogre
  7684 | D:10     | Reached *** piety under the Shining One
  7733 | D:10     | Found a staircase to the Lair.
  7894 | D:10     | Reached skill level 12 in Shields
  8158 | D:10     | Found Daovampa's Elemental Accessories.
  8242 | D:11     | Found Roenk's Jewellery Emporium.
  8244 | D:11     | Found a staircase to the Orcish Mines.
  8259 | D:11     | Bought a +4 ring of strength for 378 gold pieces
  8311 | Orc:1    | Entered Level 1 of the Orcish Mines
  8312 | Orc:1    | Noticed an orc knight
  8326 | Orc:1    | The Shining One protects you from harm!
  8327 | Orc:1    | HP: 1/97 [troll[an orc knight] (6)]
  8328 | Orc:1    | Slain by a troll

Levels and vault maps discovered:
D:1:      dpeg_arrival_snail, layout_rooms
D:2:      layout_basic, eat_drink_and_be_merry_uskayaw, first_ration,
          serial_park_tiny_2, uniq_terence
D:3:      layout_rooms, minmay_pentangle
D:4:      layout_basic, lemuel_zombie_altar_kikubaaqudgha,
          nicolae_dithmenos_the_darkroom, enter_ossuary_5, minmay_statues_item
D:5:      layout_rooms, nicolae_ru_awakened_eye, minmay_temple_entry_trees,
          serial_shops, nicolae_shop_waterfront, uniq_sigmund, uniq_edmund,
          uniq_grinder
D:6:      layout_basic, slow_altar_1, fedhas_altar_3
D:7:      layout_cave_pools, the_bakery, uniq_duvessa
D:8:      layout_loops_ring, gammafunk_temple_overflow_claw,
          overflow_temple_1_default, uniq_prince_ribbit1
D:9:      layout_loops_corners, overflow_temple_1_default, xom_shifter_show,
          wad_floor_pattern_2, uniq_erolcha, uniq_pikel
D:10:     layout_basic, due_lair_maze_entry_diamond, nicolae_elemental_shop,
          kennysheep_small_square
D:11:     layout_gridville, orc_0_dummy, serial_shops, nicolae_shop_crystal
Temple:   dpeg_chambers_temple
Orc:1:    layout_diamond_mine

Skill      XL: |  1  2  3  4  5  6  7  8  9 10 11 |
---------------+----------------------------------+-----
Long Blades    | 3 4 6 7 9 10 11 | 11.8
Shields        | 4 5 6 8 10 11 12 | 12.1
Dodging        | 1 2 3 4 5 7 |  7.7
Fighting       | 4 5 6 7 8 9 |  9.2
Armour         | 4 5 6 7 8 9 |  9.2
Axes           | 1 |  1.6

Action                   |  1- 3 |  4- 6 |  7- 9 | 10-12 || total
-------------------------+-------+-------+-------+-------++-------
Melee: Long sword        |    82 |   123 |   362 |   258 ||   825
       Headbutt          |     7 |    34 |    68 |    48 ||   157
       Hand axe          |       |    14 |       |       ||    14
  Use: Potion            |     1 |       |     9 |     2 ||    12
       Scroll            |       |       |    23 |     4 ||    27
  Eat: Chunk             |       |     2 |     5 |     8 ||    15
       Ration            |       |       |     3 |       ||     3
Armor: Scale mail        |    37 |    33 |    85 |       ||   155
       Plate armour      |       |       |     7 |    86 ||    93
Dodge: Dodged            |    39 |    42 |   144 |    72 ||   297
       Deflected         |       |       |       |     1 ||     1
Block: Shield            |    44 |    46 |   219 |   281 ||   590
       Reflection        |       |       |     1 |     7 ||     8
       Rpst.: Long sword |    14 |    16 |    36 |    18 ||    84

Table legend:
 A = Non-vault XP
 B = Vault XP
 C = Vault XP percentage of total XP
 D = Non-vault monster count
 E = Vault monster count
 F = Vault count percentage of total count
                 A         B        C        D         E       F
            +---------+---------+-------+---------+---------+-------
      Total |   12168 |    4944 |  28.9 |     256 |      73 |  22.2
            +---------+---------+-------+---------+---------+-------
        D:1 |      39 |       0 |   0.0 |      21 |       0 |   0.0
        D:2 |     117 |      36 |  23.5 |      26 |       1 |   3.7
        D:3 |     154 |      62 |  28.7 |      33 |      10 |  23.3
        D:4 |     284 |       5 |   1.7 |      17 |       3 |  15.0
        D:5 |     259 |     651 |  71.5 |      13 |       3 |  18.8
        D:6 |     937 |      39 |   4.0 |      23 |       1 |   4.2
        D:7 |     717 |     422 |  37.1 |      13 |       3 |  18.8
        D:8 |    3149 |     268 |   7.8 |      37 |       1 |   2.6
        D:9 |    2056 |    1649 |  44.5 |      26 |       2 |   7.1
       D:10 |    3393 |    1305 |  27.8 |      30 |      12 |  28.6
       D:11 |     858 |       0 |   0.0 |      12 |       0 |   0.0
      Orc:1 |     205 |       0 |   0.0 |       5 |       0 |   0.0
    Ossuary |       0 |     507 | 100.0 |       0 |      37 | 100.0
            +---------+---------+-------+---------+---------+-------
